 Dungeon Crawl Stone Soup version 0.17.1-3-g152610e (webtiles) character file.

9543 Heliophagus the Covered (level 11, 0/63 HPs)
             Began as a Gargoyle Fire Elementalist on Apr 8, 2016.
             Slain by a yak (6 damage)
             ... on level 10 of the Dungeon.
             The game lasted 02:02:49 (12261 turns).

Heliophagus the Covered (GrFE)                     Turns: 12261, Time: 02:02:49

Health: 0/63       AC: 15    Str: 11    XL:     11   Next: 48%
Magic:  20/20      EV:  9    Int: 23    God:
Gold:   488        SH:  9    Dex: 10    Spells: 3 memorised, 14 levels left

rFire  . . .     SeeInvis .     L - +3 mace (freeze)
rCold  . . .     Clarity  .     m - +0 troll leather armour
rNeg   + . .     SustAt   .     N - +0 large shield
rPois  ∞         Gourm    .     h - +0 helmet
rElec  +         Spirit   .     y - +0 cloak
rCorr  .         Warding  .     (no gloves)
rMut   .         Stasis   .     (no boots)
MR     .....                    (no amulet)
Stlth  ++........               D - +3 ring of intelligence
                                a - ring of flight

@: about to teleport, not resistant to hostile enchantments, unstealthy
A: negative energy resistance 1, electricity resistance, unbreathing,
petrification resistance, rot immunity, AC +7
a: Evoke Flight


You were on level 10 of the Dungeon.
You were hungry.

You visited 2 branches of the dungeon, and saw 11 of its levels.

You collected 488 gold pieces.

Inventory:

Hand Weapons
 L - a +3 mace of freezing (weapon)
Armour
 h - a +0 helmet (worn)
 k - the +0 robe "Uleucve" {rPois rC+ Int-2 SInv}
   (You found it on level 4 of the Dungeon)

   It affects your intelligence (-2).
   It protects you from cold.
   It protects you from poison.
   It lets you see invisible.
 m - a +0 troll leather armour (worn)
 y - a +0 cloak (worn)
 N - a +0 large shield (worn)
Magical Staves
 l - an uncursed staff of fire
Jewellery
 a - a ring of flight (left hand)
 f - an uncursed amulet of stasis
 o - an uncursed amulet of faith
 D - a +3 ring of intelligence (right hand)
 E - the ring "Pilupink" {+Blink +Fly rPois MR- Dex+7}
   (You found it on level 7 of the Dungeon)

   [ring of flight]

   It affects your dexterity (+7).
   It protects you from poison.
   It affects your resistance to hostile enchantments.
   It lets you fly.
   It lets you blink.
Wands
 e - a wand of cold (11)
 i - a wand of frost (23)
 q - a wand of draining (9)
 t - a wand of lightning (6)
 z - a wand of teleportation (8)
Scrolls
 g - 3 scrolls of magic mapping
 n - 6 scrolls of teleportation
 r - 3 scrolls of remove curse
 u - 6 scrolls of enchant weapon {unknown}
 x - 2 scrolls of enchant armour
 A - a scroll of fog {unknown}
 C - a scroll of immolation {unknown}
 I - a scroll of fear {unknown}
 J - a scroll of blinking {unknown}
Potions
 j - 5 potions of curing
 s - a potion of agility
 v - a potion of cancellation
 G - a potion of resistance
 K - a potion of might
 M - a potion of lignification {unknown}
Books
 b - a book of Flames

   Spells                             Type                      Level
   a - Flame Tongue                   Conjuration/Fire             1
   b - Throw Flame                    Conjuration/Fire             2
   c - Conjure Flame                  Conjuration/Fire             3
   d - Inner Flame                    Hexes/Fire                   3
   e - Sticky Flame                   Conjuration/Fire             4
   f - Fireball                       Conjuration/Fire             5
Comestibles
 c - 6 bread rations
 d - 3 beef jerkies
 w - 8 fruits
 B - 5 meat rations
 F - 2 royal jellies
 H - 8 slices of pizza


   Skills:
 - Level 5.0 Fighting
 - Level 5.1 Maces & Flails
 - Level 7.0 Armour
 - Level 7.0 Dodging
 - Level 5.1 Stealth
 + Level 6.5 Spellcasting
 + Level 6.4 Conjurations
 + Level 5.9 Fire Magic
 - Level 5.0 Evocations


You had 14 spell levels left.
You knew the following spells:

 Your Spells              Type           Power        Failure   Level  Hunger
a - Flame Tongue          Conj/Fire      #####        24%         1    None
b - Conjure Flame         Conj/Fire      #####...     73%         3    None
c - Fireball              Conj/Fire      #####.....   100%        5    #####..


Dungeon Overview and Level Annotations

Branches:
Dungeon (10/15)            Temple (1/1) D:5            Lair (0/8) D:8
    Orc (0/4) D:10

Altars:
Ashenzari
Cheibriados
Dithmenos
Elyvilon
Fedhas
Gozag
Kikubaaqudgha
Makhleb
Nemelex Xobeh
Okawaru
Qazlal
Ru
Sif Muna
Trog
Vehumet
Xom
Yredelemnul
Zin
The Shining One

Shops:
D:5 :   D:6 (   D:10 =


Innate Abilities, Weirdness & Mutations

You are resistant to torment.
Your stone body is resilient (AC +7).
You are immune to poison.
You resist negative energy.
You are resistant to electric shocks.
You can survive without breathing.
You are immune to petrification.
You are immune to rotting.


Message History

You block the yak's attack.
You hit the yak but do no damage.
The yak is almost dead.
The yak gores you.
* * * LOW HITPOINT WARNING * * *
You are too injured to fight recklessly!
You are too injured to fight recklessly!
You are too injured to fight recklessly!
You are too injured to fight recklessly!
You are too injured to fight recklessly!
You barely miss the yak.
The yak is almost dead.
The yak gores you.
* * * LOW HITPOINT WARNING * * *
The yak gores you!
* * * LOW HITPOINT WARNING * * *
Read which item? (? for menu, Esc to quit)
As you read the scroll of teleportation, it crumbles to dust.
You feel strangely unstable. The yak gores you.
You die...

..####....##.# #.#
..#..........# #.#
..#.......#### #..
###........# #.#
#....#.....# #..
#....##....# ####
.... #....##### #..#
....##.....oYY##...#
...#...).o#YY@...#
#.......>..YY##.....#
#........##### #.##.#
##..#...)# .#
##.#...Y# . # #..Y.#
## ##o.## #.........
#oY#......


You could see 6 yaks and an orc.

Vanquished Creatures
  A death yak (D:8)
  Sonja (D:10)
  An elephant (D:8)
  Joseph (D:9)
  A centaur skeleton (D:9)
  A troll (D:9)
  The ghost of SaintRoka the Sneak, an amateur NaAE (D:7)
  2 deep elf magi
  A wyvern (D:10)
  A human (D:8)
  7 yaks
  A hippogriff (D:7)
  2 steam dragons
  2 ice beasts (D:6)
  6 orc warriors
  A black bear (D:8)
  A wasp (D:8)
  4 ogres
  A necrophage (D:8)
  A sky beast (D:8)
  3 centaurs
  3 crocodiles
  4 phantoms
  Blork the orc (D:5)
  4 giant frogs
  2 wyvern zombies
  5 scorpions
  The ghost of PauliusTheMad the Ducker, a weakling TrFi (D:6)
  9 killer bees (D:9)
  5 wights (D:8)
  4 crimson imps
  6 hounds
  4 orc priests
  9 orc wizards (D:10)
  Ijyb (D:3)
  A giant frog zombie (D:7)
  2 iguanas
  3 jellies
  5 worker ants
  A gnoll shaman (D:5)
  A sheep (D:8)
  A hound skeleton (D:8)
  6 gnolls
  13 adders
  5 oozes
  An adder skeleton (D:5)
  An adder zombie (D:9)
  5 worms
  5 giant geckos
  22 orcs
  7 giant cockroaches
  9 goblins
  10 hobgoblins
  6 jackals
  2 quokkas (D:6)
  A ball python (D:4)
  8 bats
  A giant gecko skeleton (D:5)
  8 giant newts
  A jackal skeleton (D:7)
  11 kobolds
  15 rats
249 creatures vanquished.

Notes
Turn   | Place    | Note
--------------------------------------------------------------
     0 | D:1      | Heliophagus the Gargoyle Fire Elementalist began the quest for the Orb.
     0 | D:1      | Reached XP level 1. HP: 10/10 MP: 3/3
    99 | D:1      | Reached XP level 2. HP: 15/15 MP: 0/5
   373 | D:1      | Reached XP level 3. HP: 12/19 MP: 0/6
   552 | D:1      | Learned a level 3 spell: Conjure Flame
  1307 | D:2      | Reached XP level 4. HP: 24/24 MP: 5/8
  1465 | D:2      | Reached XP level 5. HP: 25/28 MP: 3/9
  1548 | D:2      | Reached skill level 4 in Fire Magic
  1654 | D:2      | Found a sparkling altar of Nemelex Xobeh.
  1693 | D:2      | Found a bloodstained altar of Trog.
  1842 | D:2      | Found a glowing golden altar of the Shining One.
  2099 | D:2      | Found a white marble altar of Elyvilon.
  2225 | D:3      | Noticed a phantom
  2236 | D:3      | Killed a phantom
  2377 | D:3      | Found a snail-covered altar of Cheibriados.
  2422 | D:3      | Reached XP level 6. HP: 32/32 MP: 7/11
  2479 | D:3      | Found an iron altar of Okawaru.
  2581 | D:3      | Noticed Ijyb
  2590 | D:3      | Killed Ijyb
  2672 | D:3      | Found a sacrificial altar of Ru.
  3146 | D:4      | Found an opulent altar of Gozag.
  3293 | D:4      | Got a colourful robe
  3306 | D:4      | Identified the cursed +0 robe "Uleucve" {rPois rC+ Int-2 SInv} (You found it on level 4 of the Dungeon)
  3556 | D:4      | Reached skill level 5 in Fire Magic
  3629 | D:4      | Found a radiant altar of Vehumet.
  3629 | D:4      | Found an ancient bone altar of Kikubaaqudgha.
  3695 | D:4      | Reached XP level 7. HP: 33/36 MP: 8/13
  3765 | D:4      | Reached skill level 5 in Conjurations
  4118 | D:5      | Entered Level 5 of the Dungeon
  4208 | D:5      | Reached skill level 5 in Spellcasting
  4267 | D:5      | Found a staircase to the Ecumenical Temple.
  4277 | Temple   | Entered the Ecumenical Temple
  4641 | D:5      | Noticed Blork the orc
  4659 | D:5      | Killed Blork the orc
  4659 | D:5      | Reached skill level 1 in Fighting
  4659 | D:5      | Reached skill level 1 in Maces & Flails
  4803 | D:5      | Reached XP level 8. HP: 44/44 MP: 15/15
  4953 | D:5      | Found Duogy's Book Shop.
  5067 | D:5      | Found a burning altar of Makhleb.
  5067 | D:5      | Noticed an Executioner
  5070 | D:5      | Noticed an orange demon
  5070 | D:5      | Noticed a neqoxec
  5273 | D:6      | Learned a level 5 spell: Fireball
  5331 | D:6      | Found Umonae's Weapon Boutique.
  5486 | D:6      | Noticed PauliusTheMad's ghost (weakling TrFi)
  5514 | D:6      | Killed PauliusTheMad's ghost
  6293 | D:7      | Reached skill level 5 in Fighting
  6372 | D:7      | Noticed SaintRoka's ghost (amateur NaAE)
  6395 | D:7      | Killed SaintRoka's ghost
  6395 | D:7      | Reached XP level 9. HP: 54/54 MP: 0/16
  6521 | D:7      | Reached skill level 5 in Maces & Flails
  6780 | D:7      | Got a transparent steel ring
  6782 | D:7      | Identified the ring "Pilupink" {+Blink +Fly rPois MR- Dex+7} (You found it on level 7 of the Dungeon)
  7719 | D:8      | Noticed an elephant
  7720 | D:8      | Found a staircase to the Lair.
  7720 | D:8      | Noticed a death yak
  7971 | D:8      | Killed a death yak
  7971 | D:8      | Reached skill level 6 in Armour
  7971 | D:8      | Reached skill level 5 in Dodging
  8319 | D:8      | Reached skill level 1 in Evocations
  8319 | D:8      | Reached XP level 10. HP: 59/59 MP: 11/17
  9000 | D:8      | Reached skill level 5 in Stealth
  9230 | D:8      | Found an opulent altar of Gozag.
  9413 | D:8      | Killed an elephant
  9763 | D:9      | Found a sparkling altar of Nemelex Xobeh.
  9798 | D:9      | Reached skill level 5 in Evocations
 10217 | D:9      | Reached skill level 7 in Armour
 10301 | D:9      | Found a blossoming altar of Fedhas.
 10591 | D:9      | Noticed Joseph
 10617 | D:9      | Killed Joseph
 10617 | D:9      | Reached XP level 11. HP: 35/63 MP: 0/19
 11238 | D:10     | Entered Level 10 of the Dungeon
 11290 | D:10     | Noticed Sonja
 11425 | D:10     | Killed Sonja
 11878 | D:10     | Found Tiutawny's Jewellery Shop.
 12210 | D:10     | Found a staircase to the Orcish Mines.
 12261 | D:10     | Slain by a yak

Action                   |  1- 3 |  4- 6 |  7- 9 | 10-12 || total
-------------------------+-------+-------+-------+-------++-------
Melee: Dagger            |    92 |       |    27 |       ||   119
       Unarmed           |     3 |       |       |       ||     3
       Short sword       |     6 |       |       |       ||     6
       Whip              |       |    44 |       |       ||    44
       Staff             |       |     1 |   111 |    30 ||   142
       Mace              |       |       |       |    71 ||    71
 Cast: Flame Tongue      |    48 |   123 |   252 |   380 ||   803
       Conjure Flame     |       |       |     2 |     6 ||     8
  Use: Potion            |     2 |     3 |     2 |     1 ||     8
       Scroll            |       |     7 |     3 |     4 ||    14
 Stab: Sleeping          |     4 |     1 |       |       ||     5
  Eat: Chunk             |     2 |     7 |    10 |    12 ||    31
       Bread ration      |       |       |     1 |       ||     1
       Fruit             |       |       |     1 |     1 ||     2
